 Dungeon Crawl Stone Soup version 0.29.0-11-gd7f09526c8 (webtiles) character file.

Game seed: 18253123734762190706

37 RogueRain17 the Vexing (level 3, -4/28 HPs)
             Began as a Gnoll Arcane Marksman on Sept 3, 2022.
             Killed from afar by Natasha (5 damage)
             ... with a magic dart
             ... on level 2 of the Dungeon.
             The game lasted 00:04:50 (797 turns).

RogueRain17 the Vexing (Gnoll Arcane Marksman)       Turns: 797, Time: 00:04:51

Health: -4/28      AC:  3    Str:  9    XL:     3   Next: 41%
Magic:  5/7        EV: 13    Int: 14    God:
Gold:   21         SH:  0    Dex: 12    Spells: 6/7 levels left

rFire   . . .      SeeInvis .   a - +1 sling
rCold   . . .      Faith    .   (no shield)
rNeg    . . .      Spirit   .   c - +0 robe
rPois   .          Reflect  .   (no helmet)
rElec   .          Harm     .   (no cloak)
rCorr   .          Rampage  .   f - +0 pair of gloves
Will    .....                   (no boots)
Stlth   +.........              (no amulet)
HPRegen 0.09/turn               (no ring)
MPRegen 0.10/turn               (no ring)

@: slowed, very slow
A: fangs 1, strong nose, distributed training
a: no special abilities


You were on level 2 of the Dungeon.
You visited 1 branch of the dungeon, and saw 2 of its levels.

You collected 21 gold pieces.

Inventory:

Hand Weapons
 a - a +1 sling (weapon)
Armour
 c - a +0 robe (worn)
 f - a +0 pair of gloves (worn)
Scrolls
 b - a scroll of poison
 e - a scroll of immolation {unknown}
 g - 4 scrolls of teleportation {unknown}
 i - a scroll of identify {unknown}
 j - a scroll of noise {unknown}
Potions
 d - a potion of flight {unknown}
 h - a potion of curing {unknown}
 k - a potion of resistance {unknown}


   Skills:
 + Level 2.6 Fighting
 + Level 0.8 Short Blades
 + Level 0.8 Long Blades
 + Level 0.8 Axes
 + Level 0.8 Maces & Flails
 + Level 0.8 Polearms
 + Level 0.8 Staves
 + Level 4.5 Ranged Weapons
 + Level 0.8 Throwing
 + Level 0.8 Armour
 + Level 4.5 Dodging
 + Level 0.8 Stealth
 + Level 0.8 Shields
 + Level 0.8 Unarmed Combat
 + Level 2.8 Spellcasting
 + Level 0.5 Conjurations
 + Level 5.4 Hexes
 + Level 0.5 Summonings
 + Level 0.5 Necromancy
 + Level 0.5 Translocations
 + Level 0.5 Transmutations
 + Level 0.5 Fire Magic
 + Level 0.5 Ice Magic
 + Level 0.5 Air Magic
 + Level 0.5 Earth Magic
 + Level 0.5 Poison Magic
 + Level 1.0 Invocations
 + Level 0.8 Evocations


You had 6 spell levels left.
You knew the following spells:

 Your Spells              Type           Power      Damage    Failure   Level
a - Slow                  Hex            68%        N/A       2%          1

Your spell library contained the following spells:

 Spells                   Type           Power      Damage    Failure   Level
 Magic Dart               Conj           12%        1d3       17%         1
 Inner Flame              Hex/Fire       10%        N/A       19%         3
 Portal Projectile        Hex/Tloc       20%        N/A       19%         3
 Cause Fear               Hex            8%         N/A       24%         4
 Call Imp                 Summ           3%         N/A       26%         2
 Mephitic Cloud           Conj/Pois/Air  3%         N/A       45%         3


Dungeon Overview and Level Annotations

Branches:
Dungeon (2/15)

Altars:

Shops:
D:1 :

Annotations:
D:2 Natasha


Innate Abilities, Weirdness & Mutations

You have very sharp teeth.
Your uncanny sense of smell can sniff out nearby items.
Your experience applies equally to all skills.


Message History

Natasha resists with significant effort.
Natasha stares at you and mumbles some strange words.
You feel yourself slow down.
Aiming: Slow (safe; 2% risk of failure)
Press: ? - help, Q - select action, (/) - cycle Shift-Dir - straight line, f/p - Natasha
Aim: Natasha (moderately wounded, chance to affect: 56%) Natasha seems to slow down.
The iron imp closely misses you.
Natasha howls an incantation.
Natasha glows brightly for a moment.
Natasha misses you. The iron imp hits you.
Aiming: Slow (safe; 2% risk of failure)
Press: ? - help, Q - select action, (/) - cycle Shift-Dir - straight line, f/p - Natasha
Aim: Natasha (moderately wounded, slow, chance to affect: 56%) Natasha resists with significant effort.
Natasha claws you! The crimson imp hits you.
* * * LOW HITPOINT WARNING * * *
The iron imp hits you!
* * * LOW HITPOINT WARNING * * *
Aiming: Slow (safe; 2% risk of failure)
Press: ? - help, Q - select action, (/) - cycle Shift-Dir - straight line, f/p - Natasha
Aim: Natasha (moderately wounded, slow, chance to affect: 56%)
Okay, then.
You are too injured to fight recklessly!
You are too injured to fight recklessly!
You are too injured to fight recklessly!
Unknown command.
Unknown command.
The crimson imp attacks as you move away!
The crimson imp barely misses you. Natasha casts a spell at you.
You feel as though you will be slow longer.
There are monsters nearby!
The crimson imp blinks! x2
Natasha attacks as you move away! Natasha barely misses you.
The crimson imp blinks!
Natasha misses you. Natasha attacks as you move away!
Natasha completely misses you.
Natasha stares at you and mumbles some strange words.
The magic dart hits you.
You die...

#........#
...#..##
#........#
#...... #!.......
######.
#.......## #.
#.......#
#########.
#.##.##5#
#......... #.##h#
#.######## #....#
#.#
####@#######.#
#.#####.........#
#.......#########
######### # # # #
# ##


You could see an iron imp (summoned) and Natasha (slow).

Vanquished Creatures
  An adder (D:2)
  A worm (D:2)
  4 bats
  3 endoplasms
  2 hobgoblins (D:1)
  3 quokkas
  A ball python (D:1)
  2 frilled lizards (D:1)
  2 goblins (D:1)
  3 kobolds (D:1)
  3 rats (D:1)
25 creatures vanquished.

Notes
Turn   | Place    | Note
-------+----------+-------------------------------------------
     0 | D:1      | RogueRain17 the Gnoll Arcane Marksman began the quest for
                  | the Orb.
     0 | D:1      | Reached XP level 1. HP: 17/17 MP: 4/4
    77 | D:1      | Found Nyh Yru's Book Shoppe.
   121 | D:1      | Reached XP level 2. HP: 23/23 MP: 5/5
   446 | D:2      | Reached XP level 3. HP: 22/28 MP: 7/7
   538 | D:2      | Reached skill level 1 in Invocations
   585 | D:2      | Found a faded altar of an unknown god.
   785 | D:2      | Noticed Natasha
   792 | D:2      | HP: 1/28 [iron imp[Natasha] (7)]
   797 | D:2      | Killed from afar by Natasha

Illustrated notes

Levels and vault maps discovered:
D:1:      lightli_arrival_maybe_door_vault, layout_rooms, serial_shops,
          shop_fountains, minmay_misc_feat_iff
D:2:      layout_loops_cross, shapermc_ecumenical_altar_ellora,
          grunt_decor_one_mirror, uniq_natasha

Skill      XL: |  1  2  3 |
---------------+----------+-----
Invocations    | 1 |  1.0
Fighting       | |  2.6
Short Blades   | |  0.8
Long Blades    | |  0.8
Axes           | |  0.8
Maces & Flails | |  0.8
Polearms       | |  0.8
Staves         | |  0.8
Ranged Weapons | |  4.5
Throwing       | |  0.8
Armour         | |  0.8
Dodging        | |  4.5
Stealth        | |  0.8
Shields        | |  0.8
Unarmed Combat | |  0.8
Spellcasting   | |  2.8
Conjurations   | |  0.5
Hexes          | |  5.4
Summonings     | |  0.5
Necromancy     | |  0.5
Translocations | |  0.5
Transmutations | |  0.5
Fire Magic     | |  0.5
Ice Magic      | |  0.5
Air Magic      | |  0.5
Earth Magic    | |  0.5
Poison Magic   | |  0.5
Evocations     | |  0.8

Action                   || total
-------------------------++-------
 Fire: Sling             ||    73
 Cast: Slow              ||     4
Armor: Robe              ||     4
Dodge: Dodged            ||    15
